 Dungeon Crawl Stone Soup version 0.27-a0-1189-gb8eb6cee8e (webtiles) character file.

Game seed: 17870403023343653

50995 HoaS the Impaler (level 14, 0/132 HPs)
             Began as a Tengu Berserker on May 22, 2021.
             Was a High Priest of Trog.
             Killed by divine providence
             ... invoked by a meliai
              (16 damage)
             ... on level 6 of the Lair of Beasts.
             The game lasted 00:48:18 (19126 turns).

HoaS the Impaler (Tengu Berserker)                 Turns: 19126, Time: 00:48:19

Health: 0/132      AC: 19    Str: 22    XL:     14   Next: 57%
Magic:  0/15       EV: 17    Int:  9    God:    Trog [*****.]
Gold:   907        SH:  0    Dex: 19    Spells: 13/13 levels left

rFire    . . .     SeeInvis .   w - +1 bardiche
rCold    . . .     Faith    .   (shield currently unavailable)
rNeg     . . .     Spirit   +   e - +0 plate armour
rPois    +         Reflect  .   (helmet restricted)
rElec    .         Harm     .   z - scarf {shadows}
rCorr    .         Rampage  .   p - +1 pair of gloves
Will     +++..                  (boots unavailable)
Stlth    ..........             i - amulet of guardian spirit
HPRegen  1.32/turn              m - +6 ring of dexterity
MPRegen  0.14/turn              k - +4 ring of evasion

@: berserking, strong-willed, flying quickly and evasively, regenerating, very
quick
A: beak, talons 3, nimble flight, iridescent scales 2, camouflage 1, poison
resistance, evolution 1
a: Renounce Religion, Berserk, Trog's Hand, Brothers in Arms


You were on level 6 of the Lair of Beasts.
You worshipped Trog.
Trog was extremely pleased with you.
You visited 2 branches of the dungeon, and saw 16 of its levels.

You collected 942 gold pieces.
You spent 35 gold pieces at shops.

Inventory:

Hand Weapons
 q - a +1 trident
 w - a +1 bardiche (weapon)
Missiles
 h - 4 curare-tipped darts (quivered)
Armour
 e - a +0 plate armour (worn)
 p - a +1 pair of gloves (worn)
 z - a scarf of shadows (worn)
Jewellery
 c - a ring of protection from cold
 i - an amulet of guardian spirit (around neck)
 k - a +4 ring of evasion (right hand)
 m - a +6 ring of dexterity (left hand)
 n - a ring of resist corrosion
Wands
 g - a wand of mindburst (30)
 o - a wand of iceblast (11)
 r - a wand of polymorph (28)
 y - a wand of digging (7)
Scrolls
 f - 6 scrolls of identify
 u - 2 scrolls of teleportation
 v - a scroll of fear
Potions
 a - 4 potions of ambrosia
 b - 2 potions of invisibility
 d - 2 potions of lignification
 j - a potion of mutation
 l - a potion of might
 s - a potion of attraction
 t - 8 potions of curing
 x - 2 potions of resistance


   Skills:
 - Level 10.4 Fighting
 + Level 20.9 Polearms
 - Level 8.0 Armour
 - Level 8.0 Dodging


You had 13 spell levels left.
You didn't know any spells.
Your spell library was empty.

Dungeon Overview and Level Annotations

Branches:
Dungeon (10/15)            Temple (0/1) D:7            Lair (6/6) D:10
 Shoals (0/4) Lair:3        Snake (0/4) Lair:3        Slime (0/5) Lair:5
    Orc (0/2) D:10

Altars:
Ashenzari
Cheibriados
Dithmenos
Elyvilon
Fedhas
Gozag
Kikubaaqudgha
Nemelex Xobeh
Okawaru
Sif Muna
Uskayaw
Yredelemnul
Zin
The Shining One
Jiyva

Shops:
D:4 *


Innate Abilities, Weirdness & Mutations

You have a beak for a mouth.
You have claws for feet.
Your magical nature lets you fly swiftly and evasively.
You are mostly covered in iridescent scales. (AC +4)
Your skin changes colour to match your surroundings (Stealth+).
Your system is resistant to poisons. (rPois)
You evolve.


Message History

The killer bee stings you.
* * * LOW HITPOINT WARNING * * *
The killer bee misses you.
The killer bee stings you but does no damage.
The killer bee closely misses you.
A killer bee comes into view.
The killer bee stings you but does no damage.
You slice the killer bee!!
You kill the killer bee!
Trog accepts your kill. The killer bee misses you.
The killer bee stings you but does no damage.
The killer bee closely misses you.
The killer bee stings you but does no damage.
A meliai comes into view. It is wielding a +0 war axe.
The killer bee misses you.
You are too berserk!
You slice the killer bee!!
You kill the killer bee!
Trog accepts your kill. The killer bee closely misses you.
The killer bee stings you but does no damage.
The killer bee barely misses you.
The meliai mumbles some strange prayers to its god against you.
Something smites you!
* * * LOW HITPOINT WARNING * * *
The killer bee closely misses you.
You slice the killer bee!!
You kill the killer bee!
Trog accepts your kill. The killer bee completely misses you.
The killer bee barely misses you. The killer bee closely misses you.
The killer bee stings you but does no damage.
You slice the killer bee!!
You kill the killer bee!
Trog accepts your kill. The killer bee completely misses you.
The meliai mumbles some strange prayers to its god against you.
Something smites you!
You die...

.............(...........P#
.........................###
...........................#
.........##......†##########
.........P........#
..........P.......#
.........#.[......#
.........##.......#
.........#.....y@y#
...............yy.#
..........#......y.y
...................... .....
................ .....
.....#....... .....
#...##....... ...........
...........


You could see a meliai and 5 killer bees.

Vanquished Creatures
  Gastronok (Lair:1)
  6 hydras
  The ghost of Tempus the Grasshopper, a journeyman DsWr of Vehumet (Lair:2)
  A boulder beetle (Lair:6)
  A catoblepas (Lair:4)
  6 death yaks
  2 two-headed ogres
  A tengu warrior (D:10)
  Urug (Lair:4)
  Nergalle (Lair:3)
  3 skeletal warriors
  The ghost of st0uf the Cruncher, a novice GrGl (D:7)
  Pikel (D:8)
  A lindwurm (Lair:6)
  A wolf spider (D:10)
  An oklob plant (Lair:3)
  A manticore (Lair:3)
  5 black mambas
  5 elephants
  2 torpor snails
  The ghost of askman the Slasher, a novice DsFi (D:5)
  6 cane toads
  An efreet (D:10)
  9 komodo dragons
  A tengu conjurer (D:10)
  A rime drake (Lair:4)
  A wind drake (Lair:3)
  A queen bee (Lair:6)
  A meliai (Lair:6)
  2 hornets (D:10)
  10 blink frogs
  4 dream sheep (Lair:4)
  Prince Ribbit (D:8)
  A shadow (D:7)
  3 wyverns
  50 yaks
  5 redbacks (D:6)
  6 basilisks
  2 steam dragons
  2 nagas (Lair:3)
  13 water moccasins
  A floating eye (shapeshifter) (D:10)
  4 black bears
  2 ice beasts
  8 orc warriors
  7 necrophages
  2 ogres
  15 wolves
  2 centaurs
  A lemure (D:8)
  4 kobold brigands
  10 bullfrogs
  2 gnoll sergeants
  7 scorpions (D:6)
  A wyvern zombie (D:4)
  23 killer bees
  7 howler monkeys
  2 wights (D:4)
  2 electric eels (Lair:1)
  2 centaur zombies
  A human zombie (D:4)
  A centaur skeleton (D:7)
  3 gnoll shamans
  A hound (D:4)
  A jelly (D:5)
  10 orc priests
  Jessica (D:3)
  2 iguanas
  A bullfrog skeleton (D:5)
  3 hell rats (D:10)
  Natasha (D:2)
  9 orc wizards
  A scorpion zombie (D:4)
  A hound zombie (D:4)
  A hound skeleton (D:4)
  3 mummies (D:4)
  3 howler monkey zombies
  20 gnolls
  11 adders
  3 river rats (D:10)
  A shadow imp (D:7)
  A white imp (D:8)
  2 ufetubi (D:7)
  2 adder zombies (D:4)
  A worm (D:10)
  A dart slug (D:1)
  30 orcs
  5 ball pythons
  6 endoplasms
  A giant cockroach (D:2)
  4 goblins
  6 hobgoblins
  7 jackals
  25 kobolds
  5 quokkas
  5 bats
  A frilled lizard (D:2)
  5 rats
450 creatures vanquished.

Vanquished Creatures (collateral kills)
  3 death yaks (Lair:3)
3 creatures vanquished.

Vanquished Creatures (others)
  28 fungi
  38 plants
66 creatures vanquished.

Grand Total: 519 creatures vanquished

Notes
Turn   | Place    | Note
-------+----------+-------------------------------------------
     0 | D:1      | HoaS the Tengu Berserker began the quest for the Orb.
     0 | D:1      | Reached XP level 1. HP: 14/14 MP: 2/2
   192 | D:1      | Reached XP level 2. HP: 15/19 MP: 3/3
   246 | D:1      | Found a faded altar of an unknown god.
   304 | D:1      | Reached skill level 4 in Polearms
   978 | D:1      | Reached XP level 3. HP: 20/23 MP: 4/4
   994 | D:1      | Reached ** piety under Trog
  1710 | D:2      | Found an opulent altar of Gozag.
  1720 | D:2      | Noticed Natasha
  1726 | D:2      | Killed Natasha
  1727 | D:2      | Reached skill level 5 in Polearms
  1727 | D:2      | Reached XP level 4. HP: 28/28 MP: 5/5
  2368 | D:3      | Noticed Jessica
  2369 | D:3      | Killed Jessica
  2370 | D:3      | Reached skill level 6 in Polearms
  2484 | D:3      | Found a shimmering blue altar of Sif Muna.
  2519 | D:3      | Gained mutation: Your magical nature lets you fly swiftly
                  | and evasively. [Tengu growth]
  2519 | D:3      | Reached XP level 5. HP: 32/32 MP: 6/6
  2670 | D:4      | Noticed a black bear
  2677 | D:4      | Killed a black bear
  2678 | D:4      | Reached skill level 7 in Polearms
  2678 | D:4      | Reached XP level 6. HP: 30/37 MP: 5/7
  2687 | D:4      | Found a broken altar of Ashenzari.
  2789 | D:4      | Reached skill level 8 in Polearms
  2804 | D:4      | Found an ancient bone altar of Kikubaaqudgha.
  2831 | D:4      | Noticed a necrophage
  2835 | D:4      | Killed a necrophage
  2836 | D:4      | Reached XP level 7. HP: 41/41 MP: 6/8
  2967 | D:4      | Reached skill level 9 in Polearms
  2974 | D:4      | Identified the +7 dagger of the Unseen Realm {drain,
                  | Stlth+}
  3611 | D:4      | Found Kedinlor's General Store.
  3956 | D:4      | Reached *** piety under Trog
  4035 | D:5      | Entered Level 5 of the Dungeon
  4283 | D:5      | Reached skill level 10 in Polearms
  4319 | D:5      | Reached XP level 8. HP: 36/46 MP: 6/9
  4459 | D:5      | Found a runed translucent door.
  4463 | D:5      | Noticed askman's ghost (novice DsFi)
  4995 | D:4      | Bought a +0 trident for 35 gold pieces
  5126 | D:6      | Found a hide-covered altar of Uskayaw.
  5160 | D:6      | Reached skill level 11 in Polearms
  5205 | D:6      | Noticed a redback
  5247 | D:6      | Found the +9 staff of Olgreb {rPois∞}
  5249 | D:6      | Found a runed translucent door.
  5265 | D:6      | Found a runed translucent door.
  5272 | D:6      | Noticed a redback
  5272 | D:6      | Noticed a redback
  5272 | D:6      | Noticed a redback
  5273 | D:6      | Found a runed translucent gate.
  5273 | D:6      | Noticed a redback
  5274 | D:6      | Found a runed translucent gate.
  5287 | D:6      | Found a runed translucent gate.
  5432 | D:6      | Reached skill level 12 in Polearms
  5520 | D:6      | Reached XP level 9. HP: 43/50 MP: 8/10
  5724 | D:6      | Found a white marble altar of Elyvilon.
  5996 | D:6      | Reached skill level 13 in Polearms
  6016 | D:6      | Gained mutation: You possess an exceptional clarity of
                  | mind. [potion of mutation]
  6016 | D:6      | Gained mutation: You evolve. [potion of mutation]
  6032 | D:6      | Reached **** piety under Trog
  6036 | D:6      | Reached skill level 14 in Polearms
  6039 | D:6      | HP: 1/50 [poisoned by a scorpion]
  6467 | D:7      | Reached XP level 10. HP: 50/56 MP: 8/11
  6484 | D:7      | Reached skill level 15 in Polearms
  7315 | D:7      | Found a staircase to the Ecumenical Temple.
  7335 | D:7      | Reached ***** piety under Trog
  7404 | D:7      | Found a runed translucent gate.
  7404 | D:7      | Found a runed translucent gate.
  7404 | D:7      | Found a runed translucent gate.
  7404 | D:7      | Noticed st0uf's ghost (novice GrGl)
  7406 | D:7      | Found a basalt altar of Yredelemnul.
  7461 | D:7      | Identified a scroll of acquirement
  7461 | D:7      | Acquired a +1 vorpal glaive
  7501 | D:8      | Gained mutation: Your system is resistant to poisons.
                  | (rPois) [evolution]
  7617 | D:8      | Noticed Prince Ribbit
  7617 | D:8      | Noticed Pikel
  7646 | D:8      | Killed Pikel
  7652 | D:8      | Killed Prince Ribbit
  7653 | D:8      | Reached skill level 16 in Polearms
  8013 | D:8      | Found a blossoming altar of Fedhas.
  8228 | D:5      | Killed askman's ghost
  8331 | D:6      | Reached XP level 11. HP: 55/60 MP: 7/12
  8565 | D:7      | Killed st0uf's ghost
  8566 | D:7      | Reached skill level 17 in Polearms
  8733 | D:9      | Found a shadowy altar of Dithmenos.
  8916 | D:9      | Found a glowing silver altar of Zin.
  8968 | D:9      | Identified the +1 leather armour of Hafum {rF+ Regen+
                  | Str+2}
  9035 | D:9      | Found a glowing golden altar of the Shining One.
  9073 | D:9      | Noticed a skeletal warrior
  9077 | D:9      | Noticed a skeletal warrior
  9102 | D:8      | Killed a skeletal warrior
  9452 | D:8      | Gained mutation: You are partially covered in iridescent
                  | scales. (AC +2) [evolution]
  9476 | D:8      | Killed a skeletal warrior
  9639 | D:9      | Noticed a skeletal warrior
  9659 | D:9      | Killed a skeletal warrior
 10456 | D:10     | Entered Level 10 of the Dungeon
 10503 | D:10     | Found an iron altar of Okawaru.
 10523 | D:10     | Reached skill level 18 in Polearms
 10707 | D:10     | Found a sparkling altar of Nemelex Xobeh.
 10846 | D:10     | Noticed a death yak
 10847 | D:10     | Noticed a two-headed ogre
 10847 | D:10     | Noticed a death yak
 10861 | D:10     | Killed a death yak
 10861 | D:10     | Noticed a death yak
 10980 | D:9      | Killed a two-headed ogre
 11119 | D:10     | Noticed a tengu warrior
 11129 | D:10     | Killed a tengu warrior
 11433 | D:9      | Killed a death yak
 11434 | D:9      | Reached skill level 19 in Polearms
 11631 | D:9      | Killed a death yak
 11632 | D:9      | Reached XP level 12. HP: 26/64 MP: 6/13
 11826 | D:9      | Gained mutation: You are mostly covered in iridescent
                  | scales. (AC +4) [evolution]
 11852 | D:10     | Found a staircase to the Lair.
 11871 | D:10     | Found a snail-covered altar of Cheibriados.
 11982 | D:10     | Received a gift from Trog
 11995 | D:10     | Found a staircase to the Orcish Mines.
 12010 | D:10     | Noticed a two-headed ogre
 12018 | D:10     | Killed a two-headed ogre
 12391 | Lair:1   | Entered Level 1 of the Lair of Beasts
 12432 | Lair:1   | Noticed Gastronok
 12440 | Lair:1   | Killed Gastronok
 12441 | Lair:1   | Reached skill level 20 in Polearms
 12884 | Lair:1   | Gained mutation: Your skin changes colour to match your
                  | surroundings (Stealth+). [evolution]
 13288 | Lair:2   | Found a runed translucent gate.
 13288 | Lair:2   | Found a runed translucent gate.
 13288 | Lair:2   | Found a runed translucent gate.
 13288 | Lair:2   | Noticed Tempus's ghost (journeyman DsWr)
 13288 | Lair:2   | Noticed a four-headed hydra
 13320 | Lair:2   | Noticed a four-headed hydra
 13388 | Lair:2   | Reached skill level 5 in Fighting
 13973 | Lair:2   | Noticed a four-headed hydra
 13983 | Lair:2   | Killed a four-headed hydra
 13984 | Lair:2   | Reached XP level 13. HP: 62/74 MP: 11/14
 14200 | Lair:2   | Killed Tempus's ghost
 14201 | Lair:2   | Reached skill level 5 in Armour
 14201 | Lair:2   | Reached skill level 5 in Dodging
 14420 | Lair:3   | Noticed Nergalle
 14428 | Lair:3   | Killed Nergalle
 14514 | Lair:3   | Received a gift from Trog
 14738 | Lair:3   | Lost mutation: You possess an exceptional clarity of mind.
                  | [evolution]
 14745 | Lair:3   | Found a staircase to the Shoals.
 14856 | Lair:3   | Found a staircase to the Snake Pit.
 15755 | Lair:4   | Reached skill level 10 in Fighting
 15755 | Lair:4   | Reached XP level 14. HP: 81/88 MP: 12/15
 16087 | Lair:4   | Noticed Urug
 16102 | Lair:4   | Killed Urug
 16517 | Lair:5   | Received a gift from Trog
 16862 | Lair:5   | Found a staircase to the Slime Pits.
 16863 | Lair:5   | Found a viscous altar of Jiyva.
 17704 | Lair:6   | Entered Level 6 of the Lair of Beasts
 19126 | Lair:6   | Killed from afar by a meliai

Illustrated notes

Levels and vault maps discovered:
D:1:      grunt_arrival_crossed_arrows, layout_basic, basic_ecumenical_altar
D:2:      layout_loops_ring, basic_altar, uniq_natasha
D:3:      layout_loops_cross, overflow_temple_1_default, uniq_jessica
D:4:      layout_gridville, lemuel_mausoleum_altar_kikubaaqudgha,
          ashenzari_conservatory_becter, serial_shops, shop_statue,
          minmay_misc_feat_columns
D:5:      layout_loops_cross, ebering_ghost_sewer_d
D:6:      layout_basic, marbit_many_paths, kennysheep_little_box,
          minmay_misc_feat_room, minmay_guarded_unrand_staff_of_olgreb
D:7:      layout_loops_corners, nicolae_yredelemnul_ghost_church,
          minmay_temple_entry_glass
D:8:      layout_rooms, fedhas_altar_3, chequers_serial_rivers_micro_d,
          minivault_24, uniq_pikel, uniq_prince_ribbit1
D:9:      layout_cave_pods, kennysheep_mini, nicolae_overflow_hidden_temple,
          nicolae_dithmenos_the_darkroom
D:10:     minmay_cornered_nines, layout_basic, lemuel_tele_altar,
          kennysheep_mini_moat, slow_altar_2, dpeg_lair_monsters, david_orc_2,
          st_stairs_13
Lair:1:   layout_cave_pods, serial_bayou_shore_a, grunt_megastairs_1,
          uniq_gastronok
Lair:2:   layout_regular_city, gammafunk_ghost_split,
          eino_small_chamber_without_monster
Lair:3:   layout_layer_cave, minmay_shoals_entry_beasts,
          guppyfry_snake_entry_garden, chequers_serial_rivers_small_b,
          uniq_nergalle
Lair:4:   layout_regular_city, uniq_urug
Lair:5:   layout_cave_pods, slime_altar_1, roderic_carrion_pond
Lair:6:   grunt_lair_end_beastmaster, layout_long_grid, special_room
          [special_room_bee], chequers_serial_rivers_micro_b, lemuel_fruit_tree

Skill      XL: |  1  2  3  4  5  6  7  8  9 10 11 12 13 14 |
---------------+-------------------------------------------+-----
Polearms       | 4 5 6 7 8 10 12 14 16 19 20 | 20.9
Fighting       | 6 10 | 10.4
Armour         | 4 7 8 |  8.0
Dodging        | 4 7 8 |  8.0

Action                   |  1- 3 |  4- 6 |  7- 9 | 10-12 | 13-15 || total
-------------------------+-------+-------+-------+-------+-------++-------
Melee: Spear             |    83 |    82 |    96 |       |       ||   261
       Kick              |    11 |    37 |    63 |   162 |   177 ||   450
       Peck              |     8 |    17 |    37 |   104 |   124 ||   290
       Halberd           |       |       |   125 |    78 |       ||   203
       Glaive            |       |       |       |   425 |   228 ||   653
       Trident           |       |       |       |     6 |    34 ||    40
       Bardiche          |       |       |       |       |   185 ||   185
Throw: Dart              |       |       |       |     1 |       ||     1
       Throwing net      |       |       |       |     1 |       ||     1
Invok: Berserk           |       |     1 |     1 |     6 |     5 ||    13
       Trog's Hand       |       |       |     1 |     1 |     5 ||     7
       Brothers in Arms  |       |       |       |       |     2 ||     2
Evoke: Wand              |       |     1 |       |     1 |       ||     2
  Use: Scroll            |     5 |     2 |     5 |    12 |     6 ||    30
       Potion            |       |       |     4 |       |     3 ||     7
 Stab: Sleeping          |     1 |     5 |     3 |     1 |       ||    10
Armor: Animal skin       |     4 |       |       |       |       ||     4
       Leather armour    |     5 |     4 |     2 |       |       ||    11
       Scale mail        |       |       |     2 |       |       ||     2
       Steam dragon scal |       |       |    11 |    34 |       ||    45
       Plate armour      |       |       |       |    67 |   207 ||   274
Dodge: Dodged            |    14 |    38 |   101 |   210 |   378 ||   741

Table legend: (Time is in decaauts)
 A = Elapsed time spent in this place.
 B = Non-inter-level travel time spent in this place.
 C = Inter-level travel time spent in this place.
 D = Time resting spent in this place.
 E = Time spent auto-exploring this place.
 F = Levels seen in this place.
 G = Mean time per level.
                   A        B        C        D        E       F      G
               +--------+--------+--------+--------+--------+-----+--------+
         Total |  18030 |  16999 |   1031 |   5679 |   8773 |  16 | 1126.9 |
       Dungeon |  11754 |  10882 |    872 |   3543 |   5539 |  10 | 1175.4 |
          Lair |   6276 |   6118 |    158 |   2136 |   3233 |   6 | 1046.0 |
               +--------+--------+--------+--------+--------+-----+--------+

Top non-repeatable levels by time:
     D:9: 1855 daAuts
  Lair:6: 1416 daAuts
     D:6: 1384 daAuts
     D:4: 1352 daAuts
     D:1: 1315 daAuts
    D:10: 1241 daAuts
     D:7: 1213 daAuts
     D:8: 1149 daAuts
  Lair:5: 1123 daAuts
  Lair:3: 1074 daAuts
  Lair:4: 946 daAuts
     D:5: 934 daAuts
  Lair:2: 895 daAuts
  Lair:1: 820 daAuts
     D:2: 775 daAuts
